 Dungeon Crawl Stone Soup version 0.30-a0-800-g7c544603b3 (webtiles) character file.

Game seed: 8586441306900701231

90 jlumianski the Trooper (level 4, -1/35 HPs)
             Began as a Demonspawn Fighter on Feb 22, 2023.
             Killed from afar by Ijyb (9 damage)
             ... with a puff of flame
             ... on level 3 of the Dungeon.
             The game lasted 00:05:33 (1969 turns).

jlumianski the Trooper (Demonspawn Fighter)         Turns: 1969, Time: 00:05:33

Health: -1/35      AC:  6    Str: 18    XL:     4   Next: 32%
Magic:  4/4        EV:  9    Int:  9    God:
Gold:   145        SH:  4    Dex: 13    Spells: 3/3 levels left

rFire   . . .      SeeInvis .    a - +0 war axe
rCold   . . .      Faith    .    c - +0 buckler
rNeg    . . .      Spirit   .    b - +0 scale mail
rPois   .          Reflect  .    (no helmet)
rElec   .          Harm     .    (no cloak)
rCorr   .          Rampage  .    (no gloves)
Will    .....                    (no boots) Stlth
                                 (no amulet)
HPRegen 0.25/turn                (no ring)
MPRegen 0.09/turn                (no ring)

@: no status effects
A: spiny 2, weakness stinger 1
a: no special abilities


You were on level 3 of the Dungeon.
You visited 1 branch of the dungeon, and saw 3 of its levels.

You collected 145 gold pieces.

Inventory:

Hand Weapons
 a - a +0 war axe (weapon)
Missiles
 g - 6 stones
 m - 4 poisoned darts (quivered)
Armour
 b - a +0 scale mail (worn)
 c - a +0 buckler (worn)
Scrolls
 i - a scroll of identify {unknown}
 j - a scroll of magic mapping {unknown}
 k - a scroll of blinking
 l - a scroll of immolation {unknown}
Potions
 d - 2 potions of might
 e - 3 potions of heal wounds
 f - a potion of curing
 h - a potion of lignification {unknown}
 n - a potion of berserk rage {unknown}


   Skills:
 + Level 3.3 Fighting
 + Level 3.0 Axes
 + Level 0.4 Throwing
 + Level 3.0 Armour
 + Level 0.2 Dodging
 + Level 3.2 Shields


You had 3 spell levels left.
You didn't know any spells.
Your spell library contained the following spells:

 Spells                   Type           Power      Damage    Failure   Level
 Slow                     Hex            0%         N/A       86%         1
 Confusing Touch          Hex            0%         N/A       99%         3
 Ozocubu's Armour         Ice            0%         N/A       99%         3
 Vampiric Draining        Necr           0%         2d6       99%         3
 Ozocubu's Refrigeration  Ice            0%         4d7       100%        7


Dungeon Overview and Level Annotations

Branches:
Dungeon (3/15)

Altars:
Wu Jian

Annotations:
D:3 Ijyb


Innate Abilities, Weirdness & Mutations

You are mostly covered in sharp spines.
You have a small tail.


Message History

As you open the door, it creaks loudly!
A ball python comes into view.
The ball python attacks as you move away!
You block the ball python's attack.
You slash the ball python!
You kill the ball python!
A giant cockroach comes into view.
You barely miss the giant cockroach.
The giant cockroach bites you but does no damage.
The giant cockroach is struck by your spines.
You kill the giant cockroach!
You see here a giant cockroach corpse.
There is an open door here.
Ijyb the Twisted Goblin comes into view.
She is wielding a +0 dagger and carrying a wand of flame (14).
Ijyb shouts!
Ijyb zaps a wand.
The puff of flame hits you!
Ijyb zaps a wand.
The puff of flame misses you.
A kobold comes into view. It is wielding a +0 dagger.
The kobold shouts!
Ijyb hits you with a +0 dagger.
You hit Ijyb.
Ijyb is lightly wounded.
Ijyb hits you with a +0 dagger. Ijyb closely misses you.
You slash Ijyb!
Ijyb is heavily wounded.
Ijyb is struck by your spines. Ijyb hits you with a +0 dagger.
You barely miss Ijyb.
Ijyb is heavily wounded.
You hit the kobold. Ijyb is struck by your spines.
Ijyb hits you but does no damage. The kobold is struck by your spines.
You kill the kobold!
Ijyb hits you with a +0 dagger.
You closely miss Ijyb. You tail-slap Ijyb.
Ijyb is severely wounded.
Ijyb zaps a wand.
The puff of flame hits you!
* * * LOW HITPOINT WARNING * * *
You miss Ijyb.
Ijyb is severely wounded.
Ijyb zaps a wand.
The puff of flame hits you!
You die...

####..### #.......#
#.#####.# #.#####<##
..##.....# ##########
..##.....# #........#
..##.....# #........#
..##.....######..g.....#
####.....#......@).....#
.###....†'..............
.........#.#.....#####.#
†....#####.#...#.#
.....# #.#...### ....<#
#...#... .....#
###.##### .....# #.#
.....# ..#


You could see Ijyb.

Vanquished Creatures
  4 gnolls (D:2)
  An adder (D:2)
  A worm (D:3)
  3 endoplasms
  4 giant cockroaches
  3 hobgoblins (D:1)
  4 kobolds
  3 quokkas (D:1)
  4 ball pythons
  4 bats
  A frilled lizard (D:1)
  A goblin (D:1)
  7 rats
40 creatures vanquished.

Notes
Turn   | Place    | Note
-------+----------+-------------------------------------------
     0 | D:1      | jlumianski the Demonspawn Fighter began the quest for the
                  | Orb.
     0 | D:1      | Reached XP level 1. HP: 18/18 MP: 1/1
   201 | D:1      | Gained mutation: You are partially covered in sharp spines.
                  | [demonic ancestry]
   201 | D:1      | Reached XP level 2. HP: 24/24 MP: 2/2
   264 | D:1      | Found a faded altar of an unknown god.
  1123 | D:2      | Gained mutation: You are mostly covered in sharp spines.
                  | [demonic ancestry]
  1123 | D:2      | Reached XP level 3. HP: 29/29 MP: 3/3
  1402 | D:2      | Found an ornate altar of the Wu Jian Council.
  1408 | D:2      | Gained mutation: You have a small tail. [demonic ancestry]
  1408 | D:2      | Reached XP level 4. HP: 33/35 MP: 4/4
  1960 | D:3      | Noticed Ijyb
  1969 | D:3      | Killed from afar by Ijyb

Illustrated notes

Levels and vault maps discovered:
D:1:      minmay_arrival_wavy_path, layout_basic, ebering_ecumenical_altar_box,
          minmay_tromino_v4_b
D:2:      layout_basic, basic_altar, kennysheep_cluttered_room,
          ebering_dispersal_statue_hall
D:3:      layout_basic, minmay_overflow_temple_star_hex, uniq_terence,
          uniq_jessica, uniq_ijyb

Skill      XL: |  1  2  3  4 |
---------------+-------------+-----
Axes           | 2 3 |  3.0
Shields        | 3 |  3.2
Armour         | 3 |  3.0
Fighting       | |  3.3
Throwing       | |  0.4
Dodging        | |  0.2

Action                     |  1- 3 |  4- 6 || total
---------------------------+-------+-------++-------
  Melee: War axe           |    62 |    15 ||    77
         Tailslap          |       |     1 ||     1
  Throw: Stone             |     8 |       ||     8
    Use: Potion            |     2 |       ||     2
         Scroll            |       |     1 ||     1
 Armour: Scale mail        |    28 |     4 ||    32
  Dodge: Dodged            |    37 |     2 ||    39
  Block: Buckler           |    24 |     3 ||    27

Table legend: (Time is in decaauts)
 A = Elapsed time spent in this place.
 B = Non-inter-level travel time spent in this place.
 C = Inter-level travel time spent in this place.
 D = Time resting spent in this place.
 E = Time spent auto-exploring this place.
 F = Levels seen in this place.
 G = Mean time per level.
                   A        B        C        D        E       F      G
               +--------+--------+--------+--------+--------+-----+--------+
         Total |   2002 |   1971 |     31 |      0 |   1552 |   3 |  667.3 |
       Dungeon |   2002 |   1971 |     31 |      0 |   1552 |   3 |  667.3 |
               +--------+--------+--------+--------+--------+-----+--------+

Top non-repeatable levels by time:
     D:1: 1059 daAuts
     D:2: 799 daAuts
     D:3: 143 daAuts
